Map: King's Cove LE

Players

GOStephano (Stephano) - Winner!

  • Race: Zerg Zerg
  • League: Grandmaster
  • Spawn Location: 5:00

PtitDrogo

  • Race: Protoss Protoss
  • League: Master
  • Spawn Location: 11:00

Event: HomeStory Cup XIX

VOD

Have the link to the VOD?

Description

Time

  • Played on: June 28, 2019, 2:32 p.m.
  • Length: 7:45

All games in this series

Show
View Real Time Build Order
Export as new Build Order

GOStephano Zerg - Winner!

Build Orders: Hatch First 

Get SALT Encoding   

  12  0:00  Drone  
  13  0:12  Overlord  
  13  0:17  Drone  
  14  0:30  Drone x2  
  16  0:49  Hatchery  
  15  0:52  Drone  
  15  0:56  Drone  
  17  0:59  Drone  
  18  1:10  Extractor  
  17  1:15  Spawning Pool  
  17  1:17  Drone  
  17  1:21  Drone  
  18  1:27  Drone  
  19  1:38  Drone  
  20  1:49  Drone  
  21  2:00  Overlord  
  21  2:01  Queen x2  
  21  2:02  Zergling x2  
  26  2:12  Drone x2  
  28  2:21  Drone  
  29  2:24  Drone  
  30  2:32  Hatchery  
  30  2:34  Drone  
  30  2:37  Drone  
  31  2:42  Queen  
  33  2:47  Overlord  
  33  2:50  Drone  
  34  2:54  Drone  
  34  2:58  Drone  
  36  3:06  Drone x2  
  36  3:08  Drone  
  36  3:11  Drone x4  
  43  3:13  Drone  
  43  3:17  Lair  
  44  3:21  Overlord  
  44  3:25  Extractor  
  43  3:27  Extractor  
  43  3:28  Queen  
  44  3:36  Overlord  
  44  3:42  Overlord  
  44  3:43  Drone x4  
  44  3:48  Drone x3  
  51  3:52  Overlord  
  51  3:54  Spore Crawler  
  50  3:58  Spore Crawler  
  50  4:00  Drone  
  50  4:02  Metabolic Boost  
  50  4:06  Drone x2  
  50  4:08  Drone  
  53  4:15  Hydralisk Den  
  52  4:17  Drone x2  
  52  4:18  Drone  
  52  4:20  Drone  
  52  4:23  Drone  
  57  4:26  Spore Crawler  
  57  4:28  Drone x3  
  57  4:34  Spore Crawler x2  
  53  4:38  Drone x2  
  53  4:41  Spore Crawler  
  53  4:45  Drone x4  
  58  4:48  Muscular Augments  
  59  4:57  Overlord  
  59  4:58  Hydralisk x3, Extractor  
  64  5:01  Hydralisk  
  64  5:04  Hydralisk  
  64  5:07  Overlord  
  68  5:14  Hydralisk x3  
  68  5:19  Baneling Nest  
  73  5:23  Queen  
  73  5:25  Hydralisk  
  73  5:27  Hydralisk  
  79  5:29  Hydralisk  
  79  5:34  Hydralisk  
  83  5:35  Overlord  
  83  5:41  Hydralisk  
  85  5:46  Hydralisk  
  87  5:50  Hydralisk  
  87  5:53  Overlord  
  87  5:55  Zergling x4  
  87  5:56  Zergling x12  
  97  6:00  Grooved Spines  
  98  6:04  Zergling x2  
  98  6:07  Overlord x2  
  98  6:10  Overlord  
  97  6:12  Zergling x2  
  97  6:13  Zergling x4  
  97  6:15  Baneling x5  
  97  6:18  Zergling x4  
  102  6:19  Zergling x2  
  102  6:24  Centrifical Hooks  
  103  6:29  Baneling x3  
  103  6:30  Zergling x8  
  107  6:34  Zergling x4  
  107  6:39  Zergling x8  
  112  6:46  Zergling x12  
  117  6:51  Zergling x4  
  116  7:01  Zergling x10  
  121  7:12  Baneling  
  121  7:13  Baneling x11, Zergling x2  
  121  7:14  Zergling x4  
  123  7:19  Evolution Chamber  
  122  7:23  Zergling x6  
  122  7:25  Hatchery  
Show
View Real Time Build Order
Export as new Build Order

PtitDrogo Protoss 

Build Orders: 1 Gate Expand, Oracle Opening, Zealot Archon, Archon Drop 

Get SALT Encoding   

  12  0:00  Probe  
  13  0:12  Probe  
  14  0:19  Pylon  
  14  0:25  Probe  
  15  0:33  Probe  
  15  0:38  Gateway  
  15  0:41  Probe  
  16  0:48  Assimilator  
  17  0:51  Probe  
  18  1:03  Probe  
  19  1:15  Probe  
  20  1:29  Probe  
  21  1:34  Nexus  
  21  1:39  Cybernetics Core  
  21  1:45  Assimilator  
  21  1:46  Probe  
  22  1:54  Pylon  
  22  1:59  Probe  
  23  2:06  Stalker  
  23  2:12  Probe  
  26  2:24  Probe, Stargate  
  27  2:32  Warp Gate  
  27  2:36  Probe  
  28  2:37  Adept  
  28  2:43  Probe  
  30  2:48  Probe  
  32  2:51  Probe  
  32  2:56  Oracle  
  33  3:00  Probe  
  33  3:01  Probe  
  35  3:12  Probe  
  39  3:13  Pylon  
  39  3:14  Probe  
  40  3:24  Probe  
  40  3:25  Oracle  
  40  3:26  Probe  
  42  3:27  Gateway  
  45  3:36  Probe  
  45  3:39  Probe  
  47  3:44  Pylon  
  47  3:49  Probe  
  47  3:51  Probe  
  49  4:01  Probe  
  50  4:03  Probe  
  51  4:12  Nexus  
  51  4:13  Probe, Pylon  
  51  4:15  Probe  
  51  4:16  Pylon  
  53  4:20  Forge, Twilight Council  
  53  4:30  Robotics Facility  
  53  4:38  Charge, Protoss Ground Weapons Level 1  
  53  4:39  Probe  
  54  4:45  Probe  
  54  4:46  Assimilator  
  54  4:48  Assimilator  
  54  4:49  Zealot x2  
  54  4:51  Probe  
  60  5:00  Gateway  
  60  5:01  Gateway  
  60  5:05  Gateway  
  60  5:09  Warp Prism  
  60  5:15  Gateway  
  60  5:16  Gateway  
  62  5:24  Templar Archives  
  62  5:29  Gateway  
  62  5:31  Probe  
  62  5:32  Probe  
  62  5:34  Probe  
  65  5:43  Probe  
  65  5:44  Probe  
  65  5:46  Probe  
  68  5:55  Probe  
  68  5:56  Probe  
  70  5:57  Pylon  
  70  5:58  Probe  
  70  6:01  High Templar x2  
  70  6:02  Zealot x3  
  81  6:05  Pylon  
  81  6:07  Archon  
  81  6:12  High Templar x2  
  81  6:17  Archon, Pylon  
  85  6:23  Zealot x4  
  85  6:24  Probe x2  
  95  6:29  Observer  
  94  6:46  High Templar  
  86  6:48  High Templar  
  86  6:49  Zealot x6  
  96  6:54  Archon  
  94  7:09  Zealot  
  94  7:10  Zealot x5  
  106  7:22  Zealot x2  
  112  7:31  Zealot x2  
  101  7:37  Zealot  
  101  7:38  Zealot x3  
Tags
 
Add a new tag
Caveats
  • Supply blocks, unpowered buildings, or Contaminate may cause inaccurate times.
  • Supply counts are checked every 10 seconds.